 Dungeon Crawl Stone Soup version 0.24-a0-537-g2d01d4ab0a (webtiles) character file.

Game seed: 2524534067884862706

929 Napalmbreeze the Skirmisher (level 8, -1/74 HPs)
             Began as a Hill Orc Fighter on Aug 15, 2019.
             Was a Follower of Beogh.
             Killed by divine providence
             ... invoked by an orc priest
              (14 damage)
             ... on level 5 of the Dungeon.
             The game lasted 00:09:08 (3792 turns).

Napalmbreeze the Skirmisher (Hill Orc Fighter)      Turns: 3792, Time: 00:09:09

Health: -1/74      AC:  8    Str: 21    XL:     8   Next: 11%
Magic:  8/8        EV:  6    Int:  8    God:    Beogh [*.....]
Gold:   265        SH: 10    Dex: 14    Spells: 7/7 levels left

rFire    . . .     SeeInvis .   a - +0 war axe
rCold    . . .     Gourm    .   c - +0 shield
rNeg     . . .     Faith    .   g - +0 chain mail
rPois    .         Spirit   .   (no helmet)
rElec    .         Reflect  .   v - +2 cloak {MR+}
rCorr    .         Harm     .   i - +2 pair of gloves
MR       +....                  (no boots)
Stlth    ..........             (no amulet)
HPRegen  0.22/turn              p - +4 ring of dexterity
MPRegen  0.11/turn              t - ring of stealth

@: corroded
A: no striking features
a: Renounce Religion


You were on level 5 of the Dungeon.
You worshipped Beogh.
Beogh was aware of your devotion.
You were not hungry.

You visited 1 branch of the dungeon, and saw 5 of its levels.

You collected 265 gold pieces.

Inventory:

Hand Weapons
 a - a +0 war axe (weapon)
Armour
 c - a +0 shield (worn)
 g - a +0 chain mail (worn)
 i - a +2 pair of gloves (worn)
 v - a +2 cloak of magic resistance (worn)
Jewellery
 p - a +4 ring of dexterity (left hand)
 t - a ring of stealth (right hand)
Wands
 x - a wand of acid (9)
Scrolls
 b - 2 scrolls of fear
 e - a scroll of enchant weapon
 h - 4 scrolls of identify
 k - 5 scrolls of fog
 l - 2 scrolls of enchant armour {unknown}
 o - 5 scrolls of magic mapping
 r - 3 scrolls of remove curse
 s - a scroll of teleportation
 u - 2 scrolls of blinking {unknown}
Potions
 d - 2 potions of might
 j - a potion of curing
 m - a potion of flight
 n - a potion of mutation
 q - 2 potions of brilliance {unknown}
 w - a potion of agility {unknown}
 z - a potion of degeneration {unknown}
 A - 2 potions of invisibility {unknown}
Comestibles
 f - 5 rations


   Skills:
 * Level 7.7 Fighting
 + Level 5.8 Axes
 + Level 5.5 Armour
 + Level 5.4 Shields


You had 7 spell levels left.
You didn't know any spells.
Your spell library was empty.

Dungeon Overview and Level Annotations

Branches:
Dungeon (5/15)
 Temple: D:4-7

Altars:
Ashenzari
Cheibriados


Message History

The orc priest hits you but does no damage.
You block the jelly's attack.
Unknown command.
You hit the jelly. The acid corrodes you!
Your hands burn!
* * * LOW HITPOINT WARNING * * *
The jelly is severely wounded.
You closely miss the orc. The jelly barely misses you.
The orc priest invokes the aid of Beogh against you.
Beogh smites you!
* * * LOW HITPOINT WARNING * * *
You feel better. You block the jelly's attack.
The orc hits you but does no damage.
You hit the jelly. The acid corrodes you!
Your hands burn!
* * * LOW HITPOINT WARNING * * *
The jelly is severely wounded.
The jelly hits you but does no damage.
The orc priest invokes the aid of Beogh against you.
Beogh smites you!
You die...
Beogh appreciates the orc priest's killing of a heretic priest.

...............##.........# #....
.#.............##.........# #....
#..............#.........# #....
#.#####........#.........# #....
.#.<####.######.#.........# #....
........... #.#.....)...# ####.
###.###.... #...######### #.
###.###..... #...# ########.
........... #.@># #......o.
...........####.#J#######..s..o.o
.........#.<......()..(..........
.........######..o)[)...........(
.......### #(.............()..
....#### #....(.............
....# #...............(.. ....#
#...(........#####. ......
#............# #..


You could see a jelly and an orc priest.

Vanquished Creatures
  Eustachio (D:4)
  A phantom (D:5)
  2 ogres (D:4)
  A gnoll sergeant (D:5)
  A howler monkey (D:4)
  3 hounds
  An orc priest (D:5)
  A worker ant (D:4)
  Natasha (twice) (D:2)
  Terence (D:3)
  3 gnolls (D:5)
  9 adders
  3 worms
  2 dart slugs
  A leopard gecko (D:2)
  9 orcs
  8 bats
  6 giant cockroaches
  7 goblins
  4 hobgoblins
  A quokka (D:4)
  A ball python (D:2)
  9 frilled lizards
  A jackal skeleton (D:4)
  10 kobolds
  A quokka skeleton (D:4)
  4 rats
93 creatures vanquished.

Vanquished Creatures (others)
  A giant cockroach (D:3)
  A hobgoblin (D:3)
  A bat (D:3)
3 creatures vanquished.

Grand Total: 96 creatures vanquished

Notes
Turn   | Place    | Note
-------+----------+-------------------------------------------
     0 | D:1      | Napalmbreeze the Hill Orc Fighter began the quest for the
                  | Orb.
     0 | D:1      | Reached XP level 1. HP: 19/19 MP: 1/1
   200 | D:1      | Reached XP level 2. HP: 27/27 MP: 2/2
   305 | D:1      | Reached skill level 4 in Fighting
   857 | D:2      | Reached XP level 3. HP: 33/33 MP: 3/3
   913 | D:2      | Noticed Natasha
   924 | D:2      | Killed Natasha
   962 | D:2      | Reached XP level 4. HP: 30/41 MP: 4/4
  1108 | D:2      | Reached skill level 5 in Fighting
  1162 | D:2      | Reached XP level 5. HP: 45/48 MP: 5/5
  1251 | D:2      | Noticed Natasha
  1256 | D:2      | Killed Natasha
  1672 | D:3      | Became a worshipper of Beogh the Brigand
  1688 | D:3      | Noticed Terence
  1700 | D:3      | Killed Terence
  2019 | D:3      | Reached XP level 6. HP: 56/57 MP: 6/6
  2263 | D:4      | Found a snail-covered altar of Cheibriados.
  2288 | D:4      | Noticed Eustachio
  2439 | D:4      | Killed Eustachio
  2439 | D:4      | Reached skill level 6 in Fighting
  2528 | D:4      | Reached XP level 7. HP: 64/64 MP: 7/7
  2629 | D:4      | Reached * piety under Beogh
  2664 | D:4      | Found a shattered altar of Ashenzari.
  2687 | D:4      | Reached skill level 5 in Axes
  2687 | D:4      | Reached skill level 5 in Armour
  2924 | D:5      | Entered Level 5 of the Dungeon
  2950 | D:4      | Reached skill level 7 in Fighting
  2950 | D:4      | Reached skill level 5 in Shields
  3302 | D:5      | Reached XP level 8. HP: 59/73 MP: 8/8
  3792 | D:5      | Killed from afar by an orc priest

Levels and vault maps discovered:
D:1:      eino_arrival_druids_welcome, layout_basic, roderic_roman_lattice,
          minmay_pentomino_t2
D:2:      minmay_door_path, layout_rooms, hangedman_glass_teeth,
          minmay_misc_feat_tiny, grunt_decor_one_mirror, st_stairs_8,
          minmay_between, uniq_natasha
D:3:      layout_loops_ring, minmay_misc_feat_chi, minivault_25, uniq_terence
D:4:      layout_rooms, nicolae_ashenzari_panopticon, kennysheep_slug_shrine,
          uniq_eustachio
D:5:      layout_basic, first_ration, kennysheep_cluttered_room, uniq_grinder

Skill      XL: |  1  2  3  4  5  6  7 |
---------------+----------------------+-----
Fighting       | 4 5 6 7 |  7.7
Axes           | 3 4 5 |  5.8
Armour         | 4 5 |  5.5
Shields        | 4 5 |  5.4

Action                   |  1- 3 |  4- 6 |  7- 9 || total
-------------------------+-------+-------+-------++-------
Melee: War axe           |    71 |   187 |   129 ||   387
Invok: Convert to Beogh  |       |     1 |       ||     1
  Use: Scroll            |       |    11 |     1 ||    12
       Potion            |       |       |     2 ||     2
  Eat: Chunk             |       |     6 |     2 ||     8
       Ration            |       |       |     1 ||     1
Armor: Scale mail        |    39 |    93 |       ||   132
       Chain mail        |       |     3 |    85 ||    88
Dodge: Dodged            |    17 |    59 |    34 ||   110
Block: Shield            |    49 |   103 |    94 ||   246

Table legend:
 A = Non-vault XP
 B = Vault XP
 C = Vault XP percentage of total XP
 D = Non-vault monster count
 E = Vault monster count
 F = Vault count percentage of total count
                 A         B        C        D         E       F
            +---------+---------+-------+---------+---------+-------
      Total |    1009 |     319 |  24.0 |      78 |      15 |  16.1
            +---------+---------+-------+---------+---------+-------
        D:1 |      22 |       1 |   4.3 |      14 |       1 |   6.7
        D:2 |     142 |      70 |  33.0 |      17 |      11 |  39.3
        D:3 |      53 |      36 |  40.4 |      17 |       1 |   5.6
        D:4 |     418 |     212 |  33.7 |      13 |       2 |  13.3
        D:5 |     374 |       0 |   0.0 |      17 |       0 |   0.0
            +---------+---------+-------+---------+---------+-------
